 Dungeon Crawl Stone Soup version 0.29-a0-344-ge2f44be95a (webtiles) character file.

Game seed: 4500531748379157462

29579 Agony the Severer (level 13, -15/119 HPs)
             Began as a Minotaur Fighter on Apr 21, 2022.
             Was a High Priest of Okawaru.
             Demolished by an ettin
             ... wielding a +0 dire flail
              (28 damage)
             ... on level 12 of the Dungeon on Apr 22, 2022.
             The game lasted 00:52:42 (21867 turns).

Agony the Severer (Minotaur Fighter)               Turns: 21867, Time: 00:52:42

Health: -15/119    AC: 22    Str: 25    XL:     13   Next: 15%
Magic:  10/12      EV:  9    Int:  5    God:    Okawaru [*****.]
Gold:   797        SH:  0    Dex:  9    Spells: 12/12 levels left

rFire   + . .      SeeInvis +   d - +7 battleaxe
rCold   + . .      Faith    +   (shield currently unavailable)
rNeg    + + +      Spirit   .   y - +0 plate armour {rC+}
rPois   +          Reflect  .   B - +1 hat "Voijai" {rPois rN+ Dex+2}
rElec   .          Harm     .   w - +0 cloak
rCorr   .          Rampage  .   (no gloves)
Will    +....                   c - +0 pair of boots
Stlth   ..........              k - amulet of faith
HPRegen 0.29/turn               l - ring of willpower
MPRegen 0.13/turn               v - ring "Pairr" {rPois rF+ rN++ Dex-4 SInv}

@: heroic
A: horns 2, retaliatory headbutt
a: Renounce Religion, Heroism, Finesse, Duel


You were on level 12 of the Dungeon.
You worshipped Okawaru.
Okawaru was extremely pleased with you.
You visited 3 branches of the dungeon, and saw 14 of its levels.
You also visited: Ossuary and Bailey.

You collected 877 gold pieces.
You spent 80 gold pieces at shops.

Inventory:

Hand Weapons
 d - a +7 battleaxe (weapon)
Missiles
 s - 3 silver javelins
 G - 3 throwing nets (quivered)
Armour
 c - a +0 pair of boots (worn)
 w - a +0 cloak (worn)
 y - a +0 plate armour of cold resistance (worn)
 B - the +1 hat "Voijai" (worn) {rPois rN+ Dex+2}
   (You acquired it on level 9 of the Dungeon)

   Dex:       It affects your dexterity (+2).
   rPois:     It protects you from poison.
   rN:        It protects you from negative energy.
Jewellery
 k - an amulet of faith (around neck)
 l - a ring of willpower (left hand)
 m - a ring of flight
 n - a ring of willpower
 v - the ring "Pairr" (right hand) {rPois rF+ rN++ Dex-4 SInv}
   (You acquired it on level 5 of the Dungeon)

   [ring of poison resistance]

   Dex:       It affects your dexterity (-4).
   rF:        It protects you from fire.
   rPois:     It protects you from poison.
   rN:        It greatly protects you from negative energy.
   SInv:      It lets you see invisible.
 A - a ring of protection from cold
 I - the ring of the Empty Page {+Blink AC+4 Dex+3 SInv}
   (You took it off a yaktaur on level 12 of the Dungeon)

   [ring of protection]

   AC:        It affects your AC (+4).
   Dex:       It affects your dexterity (+3).
   SInv:      It lets you see invisible.
   +Blink:    It lets you blink.
Wands
 f - a wand of polymorph (9)
 i - a wand of mindburst (7)
 D - a wand of acid (1)
Scrolls
 a - 4 scrolls of magic mapping
 b - a scroll of brand weapon
 e - 8 scrolls of blinking
 o - 7 scrolls of teleportation
 C - 2 scrolls of enchant armour
 F - a scroll of amnesia
 H - a scroll of identify
Potions
 g - a potion of mutation
 h - 5 potions of cancellation
 j - 7 potions of flight
 p - 6 potions of lignification
 q - 2 potions of brilliance
 r - 2 potions of magic
 t - 3 potions of attraction
 u - a potion of heal wounds
 x - 4 potions of curing
 z - a potion of might
 E - a potion of resistance


   Skills:
 + Level 12.8(17.8) Fighting
 - Level 4.9(9.9) Long Blades
 * Level 15.9(20.9) Axes
 + Level 12.8(17.8) Armour
 + Level 12.8(17.8) Shields


You had 12 spell levels left.
You didn't know any spells.
Your spell library contained the following spells:

 Spells                   Type           Power      Damage    Failure   Level
 Magic Dart               Conj           0%         1d3       97%         1
 Corpse Rot               Necr/Air       0%         N/A       99%         2
 Poisonous Vapours        Pois/Air       0%         N/A       99%         2
 Static Discharge         Conj/Air       0%         N/A       99%         2
 Sublimation of Blood     Necr           0%         N/A       99%         2
 Wereblood                Tmut           0%         N/A       99%         2
 Dispel Undead            Necr           0%         3d6       100%        4
 Fireball                 Conj/Fire      0%         3d3       100%        5
 Summon Small Mammal      Summ           Unusable   N/A       N/A         1
 Call Canine Familiar     Summ           Unusable   N/A       N/A         3
 Summon Guardian Golem    Hex/Summ       Unusable   N/A       N/A         3
 Death Channel            Necr           Unusable   N/A       N/A         6
 Summon Hydra             Summ           Unusable   N/A       N/A         7

Dungeon Overview and Level Annotations

Branches:
Dungeon (12/15)            Temple (1/1) D:6            Lair (1/6) D:9
    Orc (0/2) D:11        Ossuary (visited)          Bailey (visited)

Altars:
Ashenzari
Cheibriados
Dithmenos
Elyvilon
Fedhas
Gozag
Hepliaklqana
Kikubaaqudgha
Makhleb
Nemelex Xobeh
Okawaru
Qazlal
Ru
Sif Muna
Trog
Uskayaw
Vehumet
Wu Jian
Xom
Yredelemnul
Zin
The Shining One

Shops:
D:3 !   D:4 :   D:5 [

Portals:
Trove: D:11 (give 18 potions of curing)

Annotations:
D:2 1 runed translucent door, Crazy Yiuf


Innate Abilities, Weirdness & Mutations

You have a pair of horns on your head.
You reflexively headbutt those who attack you in melee.


Message History

You kill the komodo dragon!
Okawaru accepts your kill.
The centaur shoots an arrow.
The arrow hits you.
The centaur shoots an arrow.
The arrow hits you but does no damage.
The centaur drinks a potion.
The centaur seems to grow stronger.
The ettin shouts in stereo!
The centaur unwields a +0 shortbow.
The centaur wields a staff of earth.
The centaur hits you but does no damage.
The centaur closely misses you.
You carve the centaur like a ham!!!
You kill the centaur!
Okawaru accepts your kill.
You gain the combat prowess of a mighty hero.
You slash the ettin!
The ettin is moderately wounded.
You hit the ettin.
The ettin is moderately wounded.
The ettin hits you with a +0 dire flail!
The ettin hits you with a +0 great mace.
You slash the ettin!
The ettin is heavily wounded.
The ettin hits you with a +0 dire flail!!
The ettin hits you with a +0 great mace!
You completely miss the ettin.
You headbutt the ettin, but do no damage.
The ettin is moderately wounded.
You hit the ettin but do no damage. You headbutt the ettin.
The ettin is heavily wounded.
The ettin hits you with a +0 dire flail!
The ettin hits you but does no damage.
You barely miss the ettin. You headbutt the ettin.
The ettin is heavily wounded.
The ettin hits you with a +0 dire flail.
The ettin hits you with a +0 great mace!!
* * * LOW HITPOINT WARNING * * *
You feel much better.
The ettin hits you with a +0 dire flail!!
* * * LOW HITPOINT WARNING * * *
The ettin hits you with a +0 great mace!!
You die...

.......## #...........#
........## #............
.........# #...[........
.........# #............
.........# #............
.........# #............
.........# ##.....>......
.......C####.............
........@................
.........#####...#####.8.
##.####### #######..... #.
##..#.... # ###..##.#...
##.#.......####..###.#.#.#
##.......... #8...)).......
...........# #....#)###.#.#
...........##....#)..#.##.#


You could see an ettin.

Vanquished Creatures
  An orc warlord (Bailey)
  Harold (D:9)
  A boulder beetle (D:12)
  2 centaur warriors (D:12)
  8 two-headed ogres
  A satyr (shapeshifter) (D:12)
  Pikel (D:8)
  2 deep elf pyromancers (D:12)
  3 manticores
  A cyclops (D:11)
  Maurice (D:8)
  2 gargoyles
  3 cane toads (Lair:1)
  5 komodo dragons
  An unseen horror (D:12)
  Maggie (D:10)
  An efreet (D:12)
  3 kobold demonologists
  A rime drake (Lair:1)
  A yaktaur (D:12)
  5 trolls
  2 hornets
  A slime creature (D:12)
  Grinder (D:6)
  A shadow (D:11)
  Sigmund (D:3)
  19 yaks
  A vampire (D:12)
  A basilisk (D:9)
  9 wyverns
  4 steam dragons
  Grum (D:9)
  Edmund (D:6)
  7 vampire mosquitoes (D:12)
  2 acid dragons
  3 water moccasins (Lair:1)
  A warg (D:11)
  Duvessa (D:6)
  A black bear (D:8)
  14 orc warriors
  4 wolves (D:9)
  An ogre (D:5)
  A lemure (D:8)
  8 centaurs
  2 kobold brigands (D:9)
  A bullfrog (D:9)
  A gnoll sergeant (D:9)
  A necrophage (D:7)
  7 wights
  Dowan (D:6)
  6 killer bees (D:10)
  2 howler monkeys
  3 centaur zombies (Ossuary)
  A hound (D:5)
  4 jellies
  3 orc priests
  3 human zombies (Ossuary)
  A gnoll shaman (D:7)
  12 orc wizards
  4 iguanas
  2 ogre zombies (Ossuary)
  7 mummies (Ossuary)
  3 adders
  12 gnolls
  2 shadow imps
  3 white imps
  2 ufetubi
  5 adder zombies (Ossuary)
  2 dart slugs
  42 orcs
  6 endoplasms
  4 giant cockroaches
  A gnoll zombie (Ossuary)
  21 goblins
  21 hobgoblins
  4 jackals (D:2)
  21 kobolds
  2 quokkas (D:2)
  10 ball pythons
  A bat (D:2)
  4 frilled lizards
  A goblin zombie (Ossuary)
  4 hobgoblin zombies (Ossuary)
  A jackal zombie (D:4)
  A kobold zombie (Ossuary)
  An orc zombie (Ossuary)
  5 quokka zombies (Ossuary)
  5 rats
  4 rat zombies (Ossuary)
379 creatures vanquished.

Vanquished Creatures (others)
  3 plants (Lair:1)
3 creatures vanquished.

Grand Total: 382 creatures vanquished

Notes
Turn   | Place    | Note
-------+----------+-------------------------------------------
     0 | D:1      | Agony the Minotaur Fighter began the quest for the Orb.
     0 | D:1      | Reached XP level 1. HP: 19/19 MP: 0/0
   221 | D:1      | Reached XP level 2. HP: 27/27 MP: 1/1
   422 | D:1      | Found a faded altar of an unknown god.
  1148 | D:2      | Reached XP level 3. HP: 31/33 MP: 2/2
  1191 | D:2      | Found a sparkling altar of Nemelex Xobeh.
  1389 | D:2      | Found a runed translucent door.
  1390 | D:2      | Noticed Crazy Yiuf
  2073 | D:3      | Found Damim's Distillery.
  2080 | D:3      | Bought a potion of cancellation for 80 gold pieces
  2113 | D:3      | Noticed Sigmund
  2129 | D:3      | Killed Sigmund
  2130 | D:3      | Reached XP level 4. HP: 31/41 MP: 3/3
  2130 | D:3      | Reached XP level 5. HP: 36/47 MP: 4/4
  2539 | D:3      | Reached skill level 5 in Armour
  2584 | D:3      | Reached skill level 5 in Fighting
  2851 | D:4      | Reached skill level 5 in Shields
  2851 | D:4      | Reached XP level 6. HP: 48/56 MP: 5/5
  2989 | D:4      | Found a sand-covered staircase.
  2998 | Ossuary  | Entered an ossuary
  3065 | Ossuary  | Reached XP level 7. HP: 52/62 MP: 6/6
  3126 | Ossuary  | Reached skill level 1 in Axes
  3212 | Ossuary  | Reached skill level 2 in Axes
  3818 | Ossuary  | Reached skill level 3 in Axes
  4625 | D:4      | Found Rioz's Book Shoppe.
  4883 | D:5      | Entered Level 5 of the Dungeon
  4884 | D:5      | Identified a scroll of acquirement
  4884 | D:5      | Acquired the ring "Pairr" {rPois rF+ rN++ Dex-4 SInv}
  5072 | D:5      | Reached skill level 4 in Axes
  5072 | D:5      | Reached XP level 8. HP: 71/71 MP: 7/7
  5319 | D:5      | Found Egara's Dragon-Slaying Spoils.
  5589 | D:6      | Noticed Grinder
  5601 | D:6      | Killed Grinder
  5602 | D:6      | Reached skill level 5 in Axes
  5613 | D:6      | Noticed Dowan
  5615 | D:6      | Noticed Duvessa
  5626 | D:6      | Killed Duvessa
  5631 | D:6      | Killed Dowan
  6249 | D:6      | Found a staircase to the Ecumenical Temple.
  6260 | D:6      | Reached skill level 6 in Axes
  6270 | Temple   | Entered the Ecumenical Temple
  6442 | Temple   | Became a worshipper of Warmaster Okawaru
  6748 | D:6      | Noticed Edmund
  6762 | D:6      | Killed Edmund
  7236 | D:7      | Reached XP level 9. HP: 79/79 MP: 8/8
  7303 | D:7      | Reached skill level 7 in Axes
  7674 | D:7      | Got the Compendium of Arcane Weapons
  7893 | D:8      | Found a white marble altar of Elyvilon.
  7920 | D:8      | Reached * piety under Okawaru
  8188 | D:8      | Found an opulent altar of Gozag.
  8547 | D:8      | Found a shimmering altar of Xom.
  8568 | D:8      | Noticed Maurice
  8582 | D:8      | Killed Maurice
  8583 | D:8      | Reached skill level 8 in Axes
  8659 | D:8      | Noticed Pikel
  8675 | D:8      | Killed Pikel
  8675 | D:8      | Reached ** piety under Okawaru
  9048 | D:8      | Noticed a troll
  9067 | D:8      | Noticed an unseen horror
  9445 | D:9      | Noticed Grum
  9450 | D:9      | Reached skill level 9 in Axes
  9458 | D:9      | HP: 6/123 [Grum/-2 spear (10)]
  9461 | D:9      | Killed Grum
  9497 | D:9      | Noticed a two-headed ogre
  9792 | D:9      | Killed a two-headed ogre
  9792 | D:9      | Reached *** piety under Okawaru
  9793 | D:9      | Reached XP level 10. HP: 74/91 MP: 9/9
  9897 | D:9      | Found a flagged portal.
  9912 | Bailey   | Entered a bailey
 10372 | Bailey   | Reached skill level 10 in Axes
 10378 | Bailey   | Reached **** piety under Okawaru
 10634 | Bailey   | Identified the +0 leather armour "Qogis" {Harm Str+3 Int-3}
 10909 | Bailey   | Identified the +0 long sword of the Madman {vorpal, rElec
                  | Will+}
 11131 | Bailey   | Noticed an orc warlord
 11170 | Bailey   | Killed an orc warlord
 11666 | D:9      | Reached skill level 11 in Axes
 11762 | D:9      | Reached ***** piety under Okawaru
 11807 | D:9      | Noticed a two-headed ogre
 11808 | D:9      | Noticed a manticore
 12362 | D:9      | Reached skill level 10 in Fighting
 12474 | D:9      | Noticed Harold
 12489 | D:9      | Killed Harold
 12490 | D:9      | Reached skill level 10 in Armour
 12490 | D:9      | Reached skill level 10 in Shields
 12490 | D:9      | Reached XP level 11. HP: 60/99 MP: 8/10
 13583 | D:9      | Identified the +5 ring mail "Wuraomom" {rF+ rC+ Str+5}
                  | (Okawaru gifted it to you on level 9 of the Dungeon)
 13583 | D:9      | Received a gift from Okawaru
 13584 | D:9      | Reached skill level 12 in Axes
 14039 | D:9      | Noticed a two-headed ogre
 14046 | D:9      | Killed a two-headed ogre
 14119 | D:9      | Killed a two-headed ogre
 14871 | D:9      | Reached skill level 13 in Axes
 15087 | D:9      | Found a staircase to the Lair.
 15162 | Lair:1   | Entered Level 1 of the Lair of Beasts
 15399 | Lair:1   | Received a gift from Okawaru
 15760 | Lair:1   | Reached XP level 12. HP: 98/110 MP: 11/11
 16262 | Lair:1   | Noticed a seven-headed hydra
 16606 | D:9      | Acquired the +1 hat "Voijai" {rPois rN+ Dex+2}
 16767 | D:10     | Entered Level 10 of the Dungeon
 16781 | D:10     | Noticed Maggie
 16795 | D:10     | Killed Maggie
 17151 | D:10     | Reached skill level 14 in Axes
 17271 | D:10     | You fall into a shaft and drop 1 floor!
 17291 | D:11     | Found a portal to a secret trove of treasure.
 17891 | D:10     | Noticed a two-headed ogre
 17897 | D:10     | Killed a two-headed ogre
 18923 | D:11     | Received a gift from Okawaru
 19084 | D:11     | Noticed a two-headed ogre
 19134 | D:11     | Killed a two-headed ogre
 19305 | D:11     | Noticed a two-headed ogre
 19312 | D:11     | Killed a two-headed ogre
 19726 | D:11     | Found a staircase to the Orcish Mines.
 19849 | D:11     | Noticed a two-headed ogre
 19855 | D:11     | Killed a two-headed ogre
 19933 | D:11     | Reached skill level 15 in Axes
 20016 | D:11     | Noticed a six-headed hydra
 20565 | D:12     | Noticed a centaur warrior
 20583 | D:12     | Killed a centaur warrior
 20649 | D:12     | Noticed a centaur warrior
 20659 | D:12     | Killed a centaur warrior
 20660 | D:12     | Identified the ring of the Empty Page {+Blink AC+4 Dex+3
                  | SInv}
 20660 | D:12     | Noticed a two-headed ogre
 20664 | D:12     | Killed a two-headed ogre
 20665 | D:12     | Noticed a boulder beetle
 20980 | D:12     | Noticed an ettin
 20985 | D:12     | Noticed a boulder beetle
 20990 | D:12     | Noticed a storm dragon
 21001 | D:12     | Noticed a satyr
 21003 | D:12     | Killed a satyr
 21003 | D:12     | Received a gift from Okawaru
 21050 | D:12     | Killed a boulder beetle
 21051 | D:12     | Reached XP level 13. HP: 39/119 MP: 10/12
 21867 | D:12     | Demolished by an ettin

Illustrated notes

Levels and vault maps discovered:
D:1:      minmay_arrival_plants_in_alcoves, layout_basic,
          shapermc_ecumenical_altar_mp_urbaneastern
D:2:      layout_basic, basic_altar, uniq_crazy_yiuf_cottage
D:3:      layout_basic, serial_shops, shop, uniq_sigmund
D:4:      layout_basic, enter_ossuary_3, serial_shops, nicolae_shop_behind_doors
D:5:      layout_cave_pools, nicolae_shop_dragon_depot
D:6:      layout_basic, minmay_temple_entry_trees, uniq_grinder, uniq_duvessa,
          uniq_edmund
D:7:      layout_basic
D:8:      layout_layer_cave, mainiacjoe_overflow_small_starburst,
          mainiacjoe_overflow_alcove_2, nicolae_overflow_crystal_walls,
          chequers_jeans, onia_ninara_dug_in_and_dangerous, uniq_pikel,
          uniq_maurice
D:9:      cheibrodos_ideogram_h, layout_irregular_city, erik_lair_dragon,
          serial_column_ruins, column_ruins_open_medium,
          column_ruins_open_medium, column_ruins_open_small, enter_bailey_3,
          uniq_grum, uniq_harold
D:10:     layout_basic, minmay_orc_keep, uniq_maggie
D:11:     layout_basic, david_orc_1_choice, nicolae_trove_entry_diagonal
D:12:     minmay_complete_graph, layout_cave_pods
Temple:   mainiacjoe_temple_bowtie_tessellation
Lair:1:   layout_layer_cave, grunt_megastairs_2

Skill      XL: |  1  2  3  4  5  6  7  8  9 10 11 12 |
---------------+-------------------------------------+-----
Armour         | 4 5 6 7 9 10 11 12 | 12.8
Fighting       | 4 5 6 7 9 10 11 12 | 12.8
Shields        | 4 5 6 7 8 10 11 12 | 12.8
Long Blades    | 3 4 |  4.9
Axes           | 4 6 9 11 13 15 | 15.9

Action                   |  1- 3 |  4- 6 |  7- 9 | 10-12 | 13-15 || total
-------------------------+-------+-------+-------+-------+-------++-------
Melee: Long sword        |    95 |    38 |   166 |       |       ||   299
       Headbutt          |    11 |    10 |    53 |   104 |    14 ||   192
       Battleaxe         |       |       |   176 |   562 |    43 ||   781
Invok: Heroism           |       |       |     1 |    10 |     3 ||    14
       Finesse           |       |       |       |     1 |       ||     1
Evoke: Wand              |       |       |       |     1 |       ||     1
  Use: Scroll            |     5 |     4 |    11 |    16 |       ||    36
       Potion            |       |     1 |     1 |     7 |     1 ||    10
Armor: Scale mail        |    48 |    15 |   144 |    19 |       ||   226
       Plate armour      |       |       |       |   305 |    33 ||   338
Dodge: Dodged            |    50 |    19 |   159 |   238 |    16 ||   482
Block: Buckler           |    30 |    10 |    40 |       |       ||    80

Table legend: (Time is in decaauts)
 A = Elapsed time spent in this place.
 B = Non-inter-level travel time spent in this place.
 C = Inter-level travel time spent in this place.
 D = Time resting spent in this place.
 E = Time spent auto-exploring this place.
 F = Levels seen in this place.
 G = Mean time per level.
                   A        B        C        D        E       F      G
               +--------+--------+--------+--------+--------+-----+--------+
         Total |  22022 |  21332 |    690 |   8079 |   9117 |  16 | 1376.4 |
       Dungeon |  17514 |  16880 |    634 |   5997 |   8029 |  12 | 1459.5 |
        Temple |    373 |    317 |     56 |    115 |    181 |   1 |  373.0 |
          Lair |   1354 |   1354 |      0 |    529 |    576 |   1 | 1354.0 |
       Ossuary |   1106 |   1106 |      0 |    389 |    223 |   1 | 1106.0 |
        Bailey |   1673 |   1673 |      0 |   1048 |    108 |   1 | 1673.0 |
               +--------+--------+--------+--------+--------+-----+--------+

Top non-repeatable levels by time:
     D:9: 3520 daAuts
     D:8: 2408 daAuts
    D:11: 1887 daAuts
  Bailey: 1673 daAuts
    D:12: 1617 daAuts
    D:10: 1573 daAuts
  Lair:1: 1354 daAuts
     D:6: 1314 daAuts
     D:1: 1117 daAuts
 Ossuary: 1106 daAuts
     D:4: 981 daAuts
     D:3: 914 daAuts
     D:2: 831 daAuts
     D:7: 742 daAuts
     D:5: 604 daAuts
